General information
- name: BNet
- type: Ladder 1vs1/FFA
- host: Battle.net
- saver: Boogaloo_Shrimp
map: CentaurGrove
- players: 2
- length: 21:01
- speed: Fast
- version: 1.26 W3XP
- replay type: Public
» download(55 KB)
Players
team 1 (loser)

»
Krullfist (
green | 25 APM | 521 actions | 20:59)
4 Blademaster
2 Critical Strike
1 Wind Walk
1 Mirror Image
2 Beastmaster
1 Summon Bear
1 Summon Hawk
2 Naga Sea Witch
1 Forked Lightning
1 Mana Shield
» actions
| Build / train | 74 | |
| Enter build submenu | 17 | |
| Enter hero's abilities submenu | 8 | |
| Remove unit from queue | 4 | |
| Right click | 203 | |
| Select / deselect | 175 | |
| Use ability | 40 | |
521 total
» units
| Peon | 16 | |
| Troll Headhunter/Berserker | 30 | |
| Demolisher | 2 | |
48 total
» upgrades
| Armor | 3 | |
| Spiked Barricades | 1 | |
| Troll Regeneration | 1 | |
| Ranged Weapons | 3 | |
| Berserker Upgrade | 1 | |
9 total
» buildings
| Orc Burrow | 6 | |
| War Mill | 1 | |
| Altar of Storms | 1 | |
| Watch Tower | 4 | |
| Stronghold | 1 | |
| Barracks | 2 | |
| Fortress | 1 | |
16 total
» build order
00:09 Orc Burrow
00:13 War Mill
00:53 Orc Burrow
01:35 Altar of Storms
01:57 Watch Tower
02:47 Stronghold
04:38 Watch Tower
05:28 Watch Tower
05:54 Barracks
07:08 Orc Burrow
07:23 Orc Burrow
07:56 Watch Tower
09:47 Fortress
18:50 Barracks
19:47 Orc Burrow
19:51 Orc Burrow
team 2 (winner)
Boogaloo_Shrimp (
red | 71 APM | 1497 actions | 21:01)
6 Blademaster
2 Wind Walk
3 Critical Strike
1 Bladestorm
3 Goblin Alchemist
2 Acid Bomb
1 Chemical Rage
» actions
| Assign group hotkey | 49 | |
| Basic commands | 27 | |
| Build / train | 66 | |
| ESC pressed | 2 | |
| Enter build submenu | 29 | |
| Enter hero's abilities submenu | 9 | |
| Give item / drop item | 7 | |
| Right click | 702 | |
| Select / deselect | 283 | |
| Select group hotkey | 205 | |
| Use ability | 118 | |
1497 total
» units
| Peon | 11 | |
| Wind Rider | 7 | |
| Troll Batrider | 2 | |
| Goblin Shredder | 1 | |
| Goblin Zeppelin | 1 | |
22 total
» upgrades
» buildings
| Altar of Storms | 1 | |
| Orc Burrow | 5 | |
| Voodoo Lounge | 3 | |
| War Mill | 1 | |
| Stronghold | 2 | |
| Watch Tower | 14 | |
| Beastiary | 3 | |
| Great Hall | 1 | |
| Fortress | 1 | |
31 total
» build order
00:06 Altar of Storms
00:19 Orc Burrow
01:03 Voodoo Lounge
01:30 Orc Burrow
01:40 War Mill
02:55 Stronghold
02:55 Stronghold
03:33 Orc Burrow
04:19 Watch Tower
04:19 Watch Tower
04:34 Watch Tower
05:21 Beastiary
05:22 Beastiary
05:53 Watch Tower
06:00 Beastiary
07:39 Orc Burrow
09:29 Voodoo Lounge
09:31 Voodoo Lounge
09:35 Great Hall
09:47 Watch Tower
09:48 Watch Tower
10:01 Watch Tower
10:26 Watch Tower
10:42 Orc Burrow
11:44 Watch Tower
11:45 Watch Tower
11:46 Watch Tower
11:55 Watch Tower
11:56 Watch Tower
12:46 Watch Tower
19:13 Fortress
» items
| Lesser Clarity Potion | 7 | |
| Healing Salve | 5 | |
| Scroll of Speed | 2 | |
| Boots of Speed | 1 | |
| Potion of Healing | 5 | |
| Potion of Lesser Invulnerability | 1 | |
| Periapt of Vitality | 1 | |
| Circlet of Nobility | 1 | |
| Scroll of Town Portal | 1 | |
| Potion of Mana | 2 | |
26 total
Chat log
(11:19 / All) Boogaloo_Shrimp: lol
(12:11 / All) Boogaloo_Shrimp: wow
(12:16 / All) Boogaloo_Shrimp: you lost your entire army and didnt kill anything
(12:32 / All) Boogaloo_Shrimp: how does that make you feel?
(12:34 / All) Krullfist: YOU ARE SUPERIOR
(12:40 / All) Boogaloo_Shrimp: i knew that already
(12:41 / All) Boogaloo_Shrimp: leave?
(12:41 / All) Krullfist: FUCKING GOD YOU ARE
(12:45 / All) Krullfist: YOUVE NEVER LOST
(12:48 / All) Krullfist: EVER
(12:53 / All) Boogaloo_Shrimp: not true, i lossbot
(13:00 / All) Boogaloo_Shrimp: for the pleasure of making noobs like you mad :)
(13:05 / All) Krullfist: BUT YOU ARE A FUCKING FAGGOT AND YOU LIKE IT IN YOUR ASS
(13:10 / All) Boogaloo_Shrimp: so mad...
(13:15 / All) Krullfist: IN THE ASS
(13:22 / All) Boogaloo_Shrimp: mmm so hot
(14:16 / All) Boogaloo_Shrimp: gonna attack move my towers again?
(14:40 / All) Boogaloo_Shrimp: hmm
(14:51 / All) Boogaloo_Shrimp: "whered my demo go?"
(16:40 / All) Boogaloo_Shrimp: your guy died.
(19:03 / All) Boogaloo_Shrimp: those poor headhunters
(20:07 / All) Boogaloo_Shrimp: youre gonna creep with that/
(20:23 / All) Boogaloo_Shrimp: aw chicken
(20:40 / All) Krullfist: im done feuling your epeen
(20:43 / All) Boogaloo_Shrimp: leave
(20:52 / All) Krullfist: you won a game and that makes you cool? no
(20:56 / All) Boogaloo_Shrimp: give it one final piece of fuel
(20:59 / All) Boogaloo_Shrimp: get angry and leave